 Dungeon Crawl Stone Soup version 0.31.0-11-ge490571c62 (webtiles) character file.

Game seed: 6890109967388667814

454324 TheBioAlchemist the Shatterer (level 24, -5/309 HPs)
             Began as an Oni Warper on Feb 10, 2024.
             Was the Champion of the Shining One.
             Slain by a death scarab (11 damage)
             ... summoned by a royal mummy
             ... on level 2 of the Tomb of the Ancients.
             The game lasted 02:17:54 (47618 turns).

TheBioAlchemist the Shatterer (Oni Warper)         Turns: 47618, Time: 02:17:55

Health: -5/309     AC: 33    Str: 29    XL:     24   Next: 35%
Magic:  16/43      EV: 12    Int: 18    God:    the Shining One [******]
Gold:   4120       SH:  0    Dex:  7    Spells: 30/55 levels left

rFire   + . .        a - +9 giant spiked club (holy)
rCold   . . .        (shield currently unavailable)
rNeg    + + +        (body armour currently unavailable)
rPois   ∞            (helmet restricted)
rElec   +            e - +2 cloak {Stlth+}
rCorr   .            (gloves unavailable)
SInv    .            (boots unavailable)
Will    +++..        k - amulet of regeneration
Stlth   +            l - ring of willpower
HPRegen 1.51/turn    R - ring of protection from fire
MPRegen 0.28/turn

%: no passive effects
@: mighty, about to teleport, statue-form, slowed, glowing, studying Throwing,
very slow
A: slow and powerful, torment resistance 1, boosted hp, large, unfitting armour,
horns 1, (tough skin 1), double potion healing, drunken brawling, clever 1,
frail 1
}: 2/15 runes: silver, gossamer
a: Begin Untransformation, Renounce Religion, Divine Shield, Cleansing Flame,
Summon Divine Warrior


You were on level 2 of the Tomb of the Ancients.
You worshipped the Shining One.
The Shining One was exalted by your worship.
You were a living statue of rough stone.
You visited 9 branches of the dungeon, and saw 40 of its levels.
You also visited: Ice Cave.

You collected 6082 gold pieces.
You spent 1962 gold pieces at shops.

Inventory:

Hand Weapons
 a - a +9 giant spiked club of holy wrath (weapon)
 W - the +3 giant club "Skullcrusher" {speed, Str+7}
   (You found it on level 15 of the Dungeon)

   Str+7:     It affects your strength (+7).
 Y - the +6 shillelagh "Devastator" {shatter}
   (You found it on level 15 of the Dungeon)
Missiles
 g - 25 large rocks
 m - 2 throwing nets
Armour
 c - a scarf of resistance
 e - a +2 cloak of stealth (worn)
Jewellery
 k - an amulet of regeneration (around neck)
 l - a ring of willpower (left fist)
 p - the ring of Agrucu Roror {rCorr AC+4 Int+6 Dex-2}
   (You took it off a deep elf death mage on level 3 of the Elven Halls)

   [ring of protection]

   AC+4:      It affects your AC (+4).
   Int+6:     It affects your intelligence (+6).
   Dex-2:     It affects your dexterity (-2).
   rCorr:     It protects you from acid and corrosion.
 A - a ring of protection from cold
 E - the ring of Nezyg {rC+ rCorr Int+4}
   (You found it in an ice cave)

   [ring of protection from cold]

   Int+4:     It affects your intelligence (+4).
   rC+:       It protects you from cold.
   rCorr:     It protects you from acid and corrosion.
 H - a ring of flight
 J - a +4 ring of protection
 R - a ring of protection from fire (right fist)
 X - the amulet of Sudghuoge {Spirit rF+ Will+ MP+9}
   (You found it in an ice cave)

   [amulet of guardian spirit]

   Spirit:    It causes incoming damage to be divided between your reserves of
   health and magic.
   rF+:       It protects you from fire.
   Will+:     It increases your willpower.
   MP+9:      It affects your magic capacity (+9).
 Z - an amulet of reflection
Talismans
 B - a storm talisman
 M - a granite talisman (active)
Wands
 b - a wand of roots (45)
 q - a wand of polymorph (13)
 u - a wand of digging (9)
 C - a wand of paralysis (37)
 I - a wand of flame (55)
 K - a wand of mindburst (32)
 T - a wand of light (20)
Scrolls
 d - a scroll of silence
 h - 7 scrolls of poison
 j - 14 scrolls of teleportation
 o - 7 scrolls of enchant armour
 r - 2 scrolls of vulnerability
 t - 5 scrolls of butterflies
 w - 7 scrolls of immolation
 x - 2 scrolls of fear
 y - 6 scrolls of revelation
 D - 4 scrolls of fog
 N - 2 scrolls of blinking
Potions
 f - 12 potions of curing
 i - 3 potions of heal wounds
 n - 5 potions of mutation
 s - 4 potions of magic
 v - 6 potions of haste
 z - 9 potions of lignification
 F - a potion of attraction
 G - 4 potions of cancellation
 O - 13 potions of ambrosia
 P - 4 potions of might
 Q - 2 potions of resistance
 S - 5 potions of enlightenment
 U - 3 potions of brilliance
Miscellaneous
 L - a lightning rod (4/4)
 V - a tin of tremorstones (2/2)


   Skills:
 * Level 20.0 Fighting
 + Level 23.5 Maces & Flails
 - Level 5.0 Throwing
 + Level 10.7 Dodging
 * Level 16.3 Spellcasting
 + Level 15.1 Translocations
 + Level 12.3 Invocations
 + Level 18.6 Shapeshifting


You had 30 spell levels left.
You knew the following spells:

 Your Spells              Type           Power      Damage    Failure   Level
a - Manifold Assault      Tloc           62%        N/A       1%          4
b - Blink                 Tloc           100%       N/A       0%          2
c - Lesser Beckoning      Tloc           100%       N/A       0%          2
d - Dispersal             Tloc           31%        N/A       1%          6
e - Teleport Other        Tloc           62%        N/A       1%          3
f - Disjunction           Tloc           31%        N/A       47%         8

Your spell library contained the following spells:

 Spells                   Type           Power      Damage    Failure   Level
 Gell's Gravitas          Tloc           62%        N/A       1%          3
 Volatile Blastmotes      Fire/Tloc      84%        2d17      1%          3
 Dimensional Bullseye     Hex/Tloc       21%        N/A       1%          4
 Iskenderun's Mystic Bla  Conj/Tloc      42%        2d10      1%          4
 Passage of Golubria      Tloc           62%        N/A       1%          4
 Vhi's Electric Charge    Tloc/Air       84%        N/A       1%          4
 Slow                     Hex            56%        N/A       4%          1
 Sting                    Conj/Alch      56%        1d6       4%          1
 Summon Small Mammal      Summ           56%        N/A       4%          1
 Summon Forest            Summ/Tloc      21%        N/A       4%          5
 Cigotuvi's Dreadful Rot  Necr/Alch/Air  28%        N/A       6%          2
 Mercury Vapours          Alch/Air       28%        N/A       6%          2
 Scorch                   Fire           28%        2d6       6%          2
 Call Canine Familiar     Summ           14%        N/A       12%         3
 Confusing Touch          Hex            14%        N/A       12%         3
 Dazzling Flash           Conj/Hex       28%        N/A       12%         3
 Hailstorm                Conj/Ice       14%        3d6       12%         3
 Mephitic Cloud           Conj/Alch/Air  14%        N/A       12%         3
 Ozocubu's Armour         Ice            14%        N/A       12%         3
 Passwall                 Erth           14%        N/A       12%         3
 Sigil of Binding         Hex            14%        N/A       12%         3
 Stone Arrow              Conj/Erth      28%        3d8       12%         3
 Summon Ice Beast         Ice/Summ       14%        N/A       12%         3
 Tukima's Dance           Hex            14%        N/A       12%         3
 Vampiric Draining        Necr           14%        2d7       12%         3
 Anguish                  Hex/Necr       7%         N/A       38%         4
 Animate Armour           Summ/Erth      28%        N/A       38%         4
 Cause Fear               Hex            7%         N/A       38%         4
 Flame Wave               Conj/Fire      14%        2d6       38%         4
 Fulminant Prism          Conj/Alch      7%         3d7       38%         4
 Ignite Poison            Fire/Alch      14%        N/A       38%         4
 Olgreb's Toxic Radiance  Alch           14%        N/A       38%         4
 Petrify                  Alch/Erth      14%        N/A       38%         4
 Sticky Flame             Fire/Alch      14%        2d5       38%         4
 Summon Blazeheart Golem  Fire/Summ      14%        N/A       38%         4
 Summon Lightning Spire   Summ/Air       14%        N/A       38%         4
 Arcjolt                  Conj/Air       7%         1d17      75%         5
 Curse of Agony           Necr           14%        N/A       75%         5
 Fireball                 Conj/Fire      7%         3d5       75%         5
 Freezing Cloud           Conj/Ice/Air   7%         6-21      75%         5
 Irradiate                Conj/Alch      7%         3d14      75%         5
 Lee's Rapid Deconstruct  Erth           7%         3d6*      75%         5
 Metabolic Englaciation   Hex/Ice        7%         N/A       75%         5
 Silence                  Hex/Air        7%         N/A       75%         5
 Summon Mana Viper        Hex/Summ       14%        N/A       75%         5
 Yara's Violent Unravell  Hex/Alch       7%         3d5       75%         5
 Conjure Ball Lightning   Conj/Air       7%         3x3d6     99%         6
 Plasma Beam              Fire/Air       7%         2x1d17    99%         6
 Sculpt Simulacrum        Ice/Alch       7%         N/A       99%         6
 Summon Cactus Giant      Summ           7%         N/A       99%         6
 Enfeeble                 Hex            7%         N/A       100%        7
 Haunt                    Necr/Summ      7%         N/A       100%        7
 Monstrous Menagerie      Summ           7%         N/A       100%        7
 Ozocubu's Refrigeration  Ice            7%         4d9       100%        7
 Discord                  Hex            7%         N/A       100%        8
 Lehudib's Crystal Spear  Conj/Erth      7%         10d3      100%        8
 Chain Lightning          Conj/Air       7%         3d9       100%        9
 Dragon's Call            Summ           7%         N/A       100%        9
 Polar Vortex             Ice            7%         N/A       100%        9
 Sublimation of Blood     Necr           Unusable   N/A       N/A         2

Dungeon Overview and Level Annotations

Branches:
Dungeon (15/15)            Temple (1/1) D:5            Lair (5/5) D:9
 Shoals (0/4) Lair:3       Spider (4/4) Lair:3        Slime (0/5) Lair:5
    Orc (2/2) D:10            Elf (3/3) Orc:2        Vaults (5/5) D:13
  Crypt (3/3) Vaults:3       Tomb (2/3) Crypt:3      Depths (0/4) D:15
  IceCv (visited)

Altars:
Ashenzari
Cheibriados
Dithmenos
Elyvilon
Fedhas
Gozag
Hepliaklqana
Kikubaaqudgha
Makhleb
Nemelex Xobeh
Okawaru
Qazlal
Ru
Sif Muna
Trog
Uskayaw
Vehumet
Wu Jian
Xom
Yredelemnul
Zin
The Shining One

Shops:
D:8 =   D:12 :   Orc:2 =*[((   Elf:1 [   Elf:2 *   Vaults:3 (   Vaults:5 :

Annotations:
D:5 3 runed translucent doors, Curundu's ghost, novice MiBe
Temple 2 transporters
Vaults:2 3 runed translucent doors, OlivierBoivin's ghost, adept FoHu


Innate Abilities, Weirdness & Mutations

You are a living statue of rough stone.
Your actions are slow, but your melee attacks are powerful.
You are resistant to unholy torment.
Your maximum health is greatly increased.
Your equipment is partially melded.
You are too large for most types of armour.
You are immune to poison.
You have a pair of small horns on your head.
((You have tough skin. (AC +1)))
You gain doubled healing and magic from potions.
Whenever you drink a healing potion, you attack all around you.
Your mind is acute. (Int +4, Str/Dex -1)
You are frail. (-10% HP)


Message History

* * * LOW HITPOINT WARNING * * *
The death scarab waves its antennae.
The death scarab bites you but does no damage. x2
The death scarab barely misses you.
The chaos spawn grows dozens of eye stalks in order to get a better look at you.
The chaos spawn gores you but does no damage.
The mummy fails to trigger a net trap.
The royal mummy mumbles some strange words.
The death scarab waves its antennae.
The death scarab bites you but does no damage.
As you read the scroll of teleportation, it crumbles to dust.
You feel strangely unstable. The death scarab bites you.
* * * LOW HITPOINT WARNING * * *
The death scarab bites you but does no damage.
The death scarab misses you. x2; The death scarab bites you!
* * * LOW HITPOINT WARNING * * *
The death scarab drains your vigour!
You feel as though you will be slow longer.
The death scarab bites you.
* * * LOW HITPOINT WARNING * * *
The death scarab drains your vigour!
You already are as slow as you could be.
The death scarab bites you!
* * * LOW HITPOINT WARNING * * *
The death scarab drains your vigour!
You already are as slow as you could be.
The death scarab misses you. x3
The emperor scorpion stings you but does no damage.
The emperor scorpion closely misses you.
The emperor scorpion claws you.
* * * LOW HITPOINT WARNING * * *
The chaos spawn pecks you!
* * * LOW HITPOINT WARNING * * *
You already are as slow as you could be.
The death scarab misses you. The death scarab bites you!
* * * LOW HITPOINT WARNING * * *
The death scarab drains your vigour!
You already are as slow as you could be.
The death scarab bites you!
You die...

*,,,,.##..§.§§§B.##.,,,*,,,,,*
*,,,,.#B..........#..,,*,,,,,*
*,,,,.##.........##.,,,#,,,,,*
*,,,,#.#...?.....#.#,,.#<,,,,*
*....#..#.......#..#,..#,,^,,*
*....#..#.......#..#..,*,,,,,*
*...#....#....B#....#,,*,,,^,*
*...#...^.#...#4BB..#,,#,,,,^*
*...#.....†###MB8B..#,.#,,,,,*
#B..#3...M9ssBMsBB..#..#**+***
#sM9....§MW..sssMB.....#,,,,,*
M34.BM.......s.B.......#,^,,,*
#sMZB.Z.....Z9......:..#,,,,,*
#^Bs...................#,,^,,*
#M.MB.........†.....|..#,,,,,*
#..M..B..^.............#,,,,,*
#########'##############+*****


You could see 3 royal mummies, 7 emperor scorpions, a mummy priest, 2 ushabtiu,
10 death scarabs, a chaos spawn (summoned), a shadow (summoned), a mummy and a
bunyip zombie.

Vanquished Creatures
  A dread lich (Vaults:5)
  Xtahua (Crypt:3)
  3 royal mummies
  A golden dragon (Vaults:5)
  A profane servitor (Crypt:3)
  Jory (Crypt:3)
  Nikola (Elf:2)
  Arachne (Spider:4)
  Norris (Elf:3)
  A bone dragon (Crypt:3)
  7 tentacled monstrosities (Vaults:5)
  4 liches
  Asterion (Lair:3)
  5 titans (Vaults:5)
  9 sphinxes
  2 quicksilver dragons (Vaults:5)
  2 deep elf master archers (Elf:3)
  3 deep elf blademasters
  3 ancient champions
  A tengu reaver (Vaults:5)
  Donald (Vaults:1)
  5 shadow dragons (Vaults:5)
  Roxanne (Elf:3)
  6 storm dragons (Vaults:5)
  3 revenants
  An azure jelly (IceCv)
  2 frost giants (Vaults:5)
  4 deep elf sorcerers
  3 emperor scorpions
  2 iron dragons (Vaults:5)
  3 fire giants
  3 ghost moths (Spider:4)
  5 deep elf elementalists (Elf:3)
  2 curse skulls
  The ghost of bearlyready the Metamorph, a journeyman OpSh of Gozag (Lair:1)
  2 orc warlords
  5 ghouls
  2 stone giants (Vaults:5)
  A very ugly thing (Vaults:5)
  14 vault wardens
  2 quicksilver oozes (IceCv)
  A reaper (Vaults:3)
  2 broodmothers
  13 ironbound preservers
  A juggernaut skeleton (Crypt:1)
  11 deep elf death magi
  12 vampire knights
  13 dire elephants
  6 bennus
  8 deep elf demonologists (Elf:3)
  9 ironbound thunderhulks
  4 spark wasps
  9 deep elf annihilators
  3 war gargoyles
  Snorg (D:10)
  3 eidola
  25 jiangshi
  An acid blob zombie (Crypt:1)
  5 ettins
  7 mummy priests
  Josephine (D:10)
  25 yaktaur captains
  10 entropy weavers
  32 vault guards
  3 deep elf high priests
  6 great orbs of eyes
  3 hydras
  13 ironbound frosthearts
  3 radroaches
  Harold (D:11)
  Erolcha (D:10)
  A catoblepas (Lair:3)
  A jorogumo (Spider:1)
  2 spriggan skeletons (Crypt:3)
  5 death knights
  11 centaur warriors
  2 ogre magi
  3 sphinx zombies (D:15)
  4 peacekeepers
  Erica (Orc:1)
  31 dancing weapons
  6 death yaks
  9 two-headed ogres
  A two-headed ogre (shapeshifter) (Vaults:4)
  7 boulder beetles
  7 vampire magi
  39 death scarabs
  2 orc high priests
  A shock serpent (shapeshifter) (Vaults:5)
  A titan zombie (Crypt:3)
  4 soul eaters (D:15)
  29 deep elf knights
  2 skysharks (Elf:3)
  2 demonic crawlers
  4 pharaoh ants
  A spectral death yak (Lair:5)
  Amaemon (D:9)
  3 sixfirhies (D:15)
  A bunyip zombie (Crypt:1)
  31 skeletal warriors
  6 shadow wraiths
  A spectral anaconda (Lair:5)
  6 flayed ghosts
  4 arcanists
  2 bog bodies (Crypt:1)
  15 deep elf archers
  20 deep trolls
  2 glowing orange brains
  2 tengu zombies
  11 lindwurms
  A sun moth (Spider:2)
  21 deep elf zephyrmancers
  5 orb spiders
  A large abomination (Crypt:3)
  2 obsidian statues
  11 necromancers
  Pikel (D:7)
  An iron dragon zombie (Crypt:1)
  14 phantasmal warriors
  15 ironbound convokers
  5 steelbarb worms
  7 orc knights
  28 deep elf pyromancers
  9 ugly things
  3 cyclopes
  3 orc sorcerers
  17 wolf spiders
  3 moths of wrath
  Maurice (D:10)
  2 manticores (D:13)
  2 shining eyes (shapeshifter)
  5 kobold blastminers
  A faun (shapeshifter) (Vaults:5)
  6 meliai
  18 elephants
  A dire elephant zombie (Crypt:1)
  27 vault sentinels
  5 black mambas
  An ice statue (IceCv)
  2 smoke demons
  3 torpor snails
  A fire giant skeleton (Crypt:2)
  A cane toad (shapeshifter) (D:13)
  12 cane toads
  2 gargoyles
  Jeremiah (D:6)
  An unseen horror (D:10)
  3 orange demons
  An elf zombie (Vaults:4)
  6 komodo dragons
  36 yaktaurs
  5 rime drakes
  2 kobold demonologists
  An alligator snapping turtle skeleton (Crypt:2)
  An efreet (D:13)
  8 freezing wraiths
  2 ice devils (D:15)
  12 guardian mummies
  2 tengu conjurers (D:13)
  A queen bee (Lair:2)
  2 hellwings (D:15)
  8 hornets
  A black draconian skeleton (Crypt:2)
  9 blink frogs
  3 red devils (D:15)
  2 polar bears
  5 trolls
  A hydra skeleton (Crypt:1)
  Prince Ribbit (D:9)
  A harpy skeleton (Tomb:1)
  23 tarantellas
  A polar bear (shapeshifter) (D:15)
  9 dream sheep
  A tarantella zombie (Crypt:2)
  19 jumping spiders
  A culicivora (shapeshifter) (Vaults:5)
  2 spriggans (shapeshifter)
  3 shadows
  4 air elementals
  31 slime creatures
  3 vampires
  12 culicivoras
  3 spriggans (Lair:1)
  17 wraiths
  A ynoxinul (D:15)
  A naga simulacrum (Crypt:1)
  11 wyverns
  6 fire elementals
  2 water elementals
  4 ushabtiu
  4 wargs
  34 yaks
  2 chaos spawn (D:15)
  2 death yak simulacra (Lair:5)
  8 basilisks
  56 redbacks
  A steam dragon (D:10)
  9 vampire mosquitoes
  A spectral cane toad (Lair:5)
  20 water moccasins
  A hydra simulacrum (Crypt:3)
  3 great orb of eyes simulacra (IceCv)
  32 orc warriors
  2 ice beasts (D:6)
  3 black bears
  18 laughing skulls
  3 small abominations (Crypt:3)
  An elephant zombie (Lair:5)
  4 ogres
  5 boggarts (Vaults:4)
  A dream sheep skeleton (Crypt:2)
  30 wolves
  24 centaurs
  3 human skeletons
  3 slime creature simulacra (IceCv)
  A kobold brigand (D:5)
  A weeping skull (Crypt:3)
  5 necrophages
  19 bullfrogs
  2 wyvern zombies (D:8)
  4 earth elementals
  A salamander zombie (Crypt:2)
  A glowing shapeshifter simulacrum (IceCv)
  2 scorpions
  7 wights
  A cyclops skeleton (Crypt:2)
  4 burial acolytes (Crypt:3)
  32 killer bees
  2 spriggan zombies
  2 elephant simulacra (Lair:5)
  A troll skeleton (Crypt:1)
  4 howler monkeys
  3 centaur zombies (D:8)
  4 hounds
  4 jellies
  A bombardier beetle (D:3)
  18 orc priests
  An iguana (D:6)
  A sleepcap (D:6)
  23 orc wizards
  3 shapeshifter simulacra (IceCv)
  A boggart skeleton (Crypt:2)
  2 killer bee zombies (D:8)
  17 mummies
  2 howler monkey zombies (D:8)
  6 gnolls
  7 adders
  2 ufetubi (D:6)
  3 dart slugs
  A ribbon worm (D:4)
  77 orcs
  7 ball pythons
  6 endoplasms
  4 giant cockroaches
  3 goblins
  9 hobgoblins
  4 jackals (Temple)
  A quokka (D:2)
  2 ball python skeletons
  9 bats
  3 frilled lizards
  7 kobolds
  4 rats
  A river rat skeleton (Crypt:2)
  A spectral weapon (Lair:3)
1732 creatures vanquished.

Vanquished Creatures (collateral kills)
  A bennu (Tomb:2)
  A guardian mummy (Tomb:2)
  A mummy (Tomb:2)
3 creatures vanquished.

Vanquished Creatures (others)
  2 sphinxes (Tomb:1)
  An eldritch tentacle (Tomb:2)
  A frost giant (Vaults:5)
  A deep elf elementalist (Elf:2)
  A dancing weapon (Elf:2)
  2 deep elf pyromancers (Elf:1)
  2 deep elf zephyrmancers
  An air elemental (Elf:1)
11 creatures vanquished.

Grand Total: 1746 creatures vanquished

Notes
Turn   | Place    | Note
-------+----------+-------------------------------------------
     0 | D:1      | TheBioAlchemist the Oni Warper began the quest for the Orb.
     0 | D:1      | Reached XP level 1. HP: 22/22 MP: 3/3
    97 | D:1      | Found a faded altar of an unknown god.
   167 | D:1      | Reached XP level 2. HP: 24/29 MP: 5/5
   509 | D:1      | Reached XP level 3. HP: 31/37 MP: 7/7
  1593 | D:3      | Reached skill level 3 in Maces & Flails
  1593 | D:3      | Reached XP level 4. HP: 45/45 MP: 8/8
  1866 | D:3      | Identified the +8 dagger "Timinuenti" {spect, rPois rF-
                  | Str+2 Dex+3}
  2024 | D:3      | Found a glowing golden altar of the Shining One.
  2040 | D:3      | Became a worshipper of the Shining One
  2352 | D:3      | Learned a level 4 spell: Manifold Assault
  2355 | D:3      | Learned a level 2 spell: Blink
  2358 | D:3      | Learned a level 2 spell: Lesser Beckoning
  2702 | D:4      | Reached XP level 5. HP: 50/53 MP: 9/9
  2765 | D:4      | Found a hide-covered altar of Uskayaw.
  2778 | D:4      | Found a broken altar of Ashenzari.
  2996 | D:4      | Found a shimmering blue altar of Sif Muna.
  3037 | D:4      | Noticed a kobold brigand
  3066 | D:4      | Found a sacrificial altar of Ru.
  3080 | D:5      | Entered Level 5 of the Dungeon
  3149 | D:5      | Killed a kobold brigand
  3187 | D:5      | Reached XP level 6. HP: 62/62 MP: 9/11
  3195 | D:5      | Reached skill level 4 in Maces & Flails
  3460 | D:4      | Found a sparkling altar of Nemelex Xobeh.
  3527 | D:5      | Found a staircase to the Ecumenical Temple.
  3541 | Temple   | Found a transporter.
  3541 | Temple   | Found a transporter.
  3541 | Temple   | Found a transporter.
  3541 | Temple   | Found a transporter.
  3541 | Temple   | Entered the Ecumenical Temple
  3676 | D:5      | Found a white marble altar of Elyvilon.
  3909 | D:5      | Found a burning altar of Makhleb.
  3912 | D:5      | Found a glowing silver altar of Zin.
  3912 | D:5      | Noticed an angel
  3913 | D:5      | Noticed a green death
  3967 | D:5      | Noticed a black bear
  3973 | D:5      | Killed a black bear
  3974 | D:5      | Reached XP level 7. HP: 58/71 MP: 12/12
  4013 | D:5      | Found a runed translucent gate.
  4014 | D:5      | Found a runed translucent gate.
  4031 | D:5      | Found a runed translucent gate.
  4031 | D:5      | Noticed Curundu's ghost (novice MiBe)
  4415 | D:6      | Reached skill level 5 in Maces & Flails
  4422 | D:6      | Reached skill level 5 in Translocations
  4513 | D:6      | Reached skill level 5 in Fighting
  4578 | D:6      | Reached * piety under the Shining One
  4674 | D:6      | Reached XP level 8. HP: 42/80 MP: 14/14
  4745 | D:6      | Noticed Jeremiah
  5345 | D:7      | Reached skill level 6 in Maces & Flails
  5549 | D:7      | Reached skill level 5 in Spellcasting
  5583 | D:7      | Found a blossoming altar of Fedhas.
  5867 | D:7      | Reached XP level 9. HP: 89/89 MP: 16/16
  6043 | D:7      | Reached skill level 7 in Maces & Flails
  6244 | D:8      | Noticed Pikel
  6256 | D:7      | Killed Pikel
  6304 | D:8      | Reached skill level 8 in Maces & Flails
  6682 | D:8      | Reached ** piety under the Shining One
  6714 | D:8      | Reached XP level 10. HP: 81/102 MP: 19/19
  6735 | D:8      | Found a basalt altar of Yredelemnul.
  6903 | D:8      | Found Goasath's Jewellery Boutique.
  7270 | D:6      | Killed Jeremiah
  7770 | D:9      | Reached skill level 9 in Maces & Flails
  7964 | D:9      | Found a staircase to the Lair.
  8226 | D:9      | Noticed Prince Ribbit
  8245 | D:9      | Killed Prince Ribbit
  8475 | D:9      | Noticed an orange demon
  8477 | D:9      | Noticed Amaemon
  8479 | D:9      | Killed an orange demon
  8527 | D:9      | Killed Amaemon
  8946 | D:9      | Found a bloodstained altar of Trog.
  8946 | D:9      | Found a stormy altar of Qazlal.
  8947 | D:9      | Found a snail-covered altar of Cheibriados.
  8962 | D:9      | Found a shadowy altar of Dithmenos.
  9166 | D:10     | Entered Level 10 of the Dungeon
  9222 | D:10     | Noticed Snorg
  9236 | D:10     | Killed Snorg
  9237 | D:10     | Reached skill level 10 in Maces & Flails
  9237 | D:10     | Reached XP level 11. HP: 69/115 MP: 2/22
  9363 | D:10     | Reached skill level 1 in Shapeshifting
  9387 | D:10     | Got the Spellbook of Creation
  9532 | D:10     | Reached *** piety under the Shining One
  9603 | D:10     | Identified the +1 robe of Moigia {Harm rF- Regen+ Stlth+}
  9626 | D:10     | Found a staircase to the Orcish Mines.
  9791 | D:10     | HP: 3/115 [red devil/+0 trident[a kobold demonologist] (8)]
 10255 | D:10     | Noticed Maurice
 10258 | D:10     | Killed Maurice
 10259 | D:10     | Reached skill level 5 in Shapeshifting
 10493 | D:10     | Noticed Josephine
 10502 | D:10     | Killed Josephine
 10597 | D:10     | Noticed Erolcha
 10602 | D:10     | Killed Erolcha
 10662 | D:11     | Noticed a cyclops
 10664 | D:11     | Killed a cyclops
 10693 | D:11     | Noticed a cyclops
 10797 | D:11     | Killed a cyclops
 10883 | D:11     | Reached **** piety under the Shining One
 10891 | D:11     | Reached XP level 12. HP: 87/123 MP: 5/23
 11019 | D:11     | Noticed Harold
 11053 | D:11     | Killed Harold
 11819 | D:12     | Noticed a two-headed ogre
 11827 | D:12     | Killed a two-headed ogre
 11886 | D:12     | Noticed a boulder beetle
 11895 | D:12     | Killed a boulder beetle
 12033 | D:12     | Reached skill level 10 in Shapeshifting
 12254 | D:12     | Found Onileuh's Self-Published Books.
 12850 | D:13     | Noticed a centaur warrior
 12856 | D:13     | Killed a centaur warrior
 13148 | D:13     | Reached ***** piety under the Shining One
 13298 | D:13     | Noticed an ironbound preserver
 13310 | D:13     | Killed an ironbound preserver
 13311 | D:13     | Reached XP level 13. HP: 97/131 MP: 24/24
 14050 | D:13     | Found a gate to the Vaults.
 14901 | D:14     | Found an iron altar of Okawaru.
 14984 | D:14     | Reached skill level 15 in Shapeshifting
 15349 | D:15     | Entered Level 15 of the Dungeon
 15401 | D:15     | Reached XP level 14. HP: 99/140 MP: 4/25
 15401 | D:15     | Found a staircase to the Depths.
 15721 | D:15     | Reached skill level 1 in Invocations
 15730 | D:15     | Reached ****** piety under the Shining One
 15738 | D:15     | Identified a +5 giant spiked club of holy wrath (a +3 giant
                  | spiked club blessed by the Shining One)
 15738 | D:15     | Received a gift from the Shining One
 16155 | D:15     | Found the +3 giant club "Skullcrusher" {speed, Str+7}
 16161 | D:15     | Found the +6 shillelagh "Devastator" {shatter}
 16758 | Lair:1   | Entered Level 1 of the Lair of Beasts
 16888 | Lair:1   | Found a runed translucent door.
 16889 | Lair:1   | Noticed bearlyready's ghost (journeyman OpSh)
 16891 | Lair:1   | Identified the +5 trident "Lek Gicu" {speed, rF+ MP+9
                  | Dex+3}
 16958 | Lair:1   | Reached skill level 10 in Translocations
 17685 | Lair:1   | Killed bearlyready's ghost
 17777 | Lair:2   | Got the Compendium of Coruscating Toxicants
 17991 | Lair:2   | Reached skill level 10 in Fighting
 18072 | Lair:2   | You fall into a shaft and drop 1 floor!
 18072 | Lair:3   | Found a staircase to the Shoals.
 18079 | Lair:3   | Reached skill level 11 in Maces & Flails
 18717 | Lair:2   | Reached XP level 15. HP: 149/149 MP: 27/27
 19133 | Lair:3   | Found a hole to the Spider Nest.
 20617 | Lair:5   | Entered Level 5 of the Lair of Beasts
 20645 | Lair:5   | Found a frozen archway.
 20741 | IceCv    | Entered an ice cave
 20944 | IceCv    | Reached skill level 5 in Invocations
 21091 | IceCv    | Got the ring of Nezyg {rC+ rCorr Int+4}
 21204 | IceCv    | Found a viscous altar of Jiyva.
 21204 | IceCv    | Noticed an azure jelly
 21209 | IceCv    | Killed an azure jelly
 21243 | IceCv    | Identified the amulet of Sudghuoge {Spirit rF+ Will+ MP+9}
 21473 | Lair:5   | Found a staircase to the Slime Pits.
 21679 | Lair:5   | Reached skill level 12 in Maces & Flails
 22063 | Lair:5   | Reached skill level 5 in Dodging
 22155 | Lair:5   | Reached XP level 16. HP: 162/162 MP: 10/29
 22355 | Lair:5   | Reached skill level 5 in Throwing
 22998 | Spider:1 | Entered Level 1 of the Spider Nest
 23000 | Spider:1 | Noticed Asterion
 23019 | Lair:3   | Noticed an Executioner
 23022 | Lair:3   | Killed Asterion
 23758 | Spider:2 | Identified the +0 scale mail of Qoudig {Rampage Str+3 Int+2
                  | Dex-5}
 24640 | Spider:3 | Reached skill level 10 in Spellcasting
 24655 | Spider:3 | Learned a level 6 spell: Dispersal
 24675 | Spider:3 | Reached skill level 13 in Maces & Flails
 24787 | Spider:3 | Identified the +2 leather armour "Hureidaxu" {rPois}
 25406 | Spider:3 | Learned a level 3 spell: Teleport Other
 25427 | Spider:4 | Entered Level 4 of the Spider Nest
 25442 | Spider:4 | Reached XP level 17. HP: 172/172 MP: 15/31
 25606 | Spider:4 | Noticed Arachne
 25632 | Spider:4 | Killed Arachne
 26093 | Spider:4 | Gained mutation: Your body sometimes deteriorates upon
                  | taking damage. [mutagenic glow]
 26646 | Spider:4 | Got a gossamer rune of Zot
 27023 | Orc:1    | Entered Level 1 of the Orcish Mines
 27218 | Orc:2    | Entered Level 2 of the Orcish Mines
 27218 | Orc:2    | Found a staircase to the Elven Halls.
 27287 | Orc:1    | Reached skill level 14 in Maces & Flails
 27421 | Orc:1    | Noticed Erica
 27429 | Orc:1    | Killed Erica
 27854 | Orc:2    | Found Effes's Antique Weapon Shoppe.
 27978 | Orc:2    | Found Lijampif's Antique Weapon Boutique.
 28037 | Orc:2    | Reached skill level 15 in Maces & Flails
 28123 | Orc:2    | Found Ilai's Antique Armour Shoppe.
 28584 | Orc:2    | Found Vounur Gumi's Jewellery Shoppe.
 28599 | Orc:2    | Found Tipapiru's General Store.
 28606 | Orc:2    | Bought 2 potions of heal wounds for 170 gold pieces
 28606 | Orc:2    | Bought a potion of curing for 51 gold pieces
 28606 | Orc:2    | Bought a lightning rod (4/4) for 680 gold pieces
 28800 | Elf:1    | Entered Level 1 of the Elven Halls
 28929 | Elf:1    | Reached XP level 18. HP: 184/184 MP: 20/32
 28969 | Elf:1    | Paralysed by an air elemental for 1 turns
 29308 | Elf:1    | Paralysed by an air elemental for 1 turns
 29407 | Elf:1    | Reached skill level 16 in Maces & Flails
 29417 | Elf:1    | Found Kusoh's Armour Shop.
 29733 | Elf:1    | Found a shimmering blue altar of Sif Muna.
 29789 | Elf:1    | Found a shimmering blue altar of Sif Muna.
 30110 | Elf:1    | Found a runed translucent gate.
 30110 | Elf:1    | Found a runed translucent gate.
 30110 | Elf:1    | Found a runed translucent gate.
 30461 | Elf:2    | Reached skill level 17 in Maces & Flails
 30707 | Elf:2    | Gained mutation: You are weak. (Str -2) [a shining eye]
 30708 | Elf:2    | Gained mutation: You passively map a small area around you.
                  | [a shining eye]
 30712 | Elf:2    | Lost mutation: You passively map a small area around you.
                  | [potion of mutation]
 30712 | Elf:2    | Lost mutation: You are weak. (Str -2) [potion of mutation]
 30712 | Elf:2    | Lost mutation: Your body sometimes deteriorates upon taking
                  | damage. [potion of mutation]
 30712 | Elf:2    | Gained mutation: You are frail. (-10% HP) [potion of
                  | mutation]
 30712 | Elf:2    | Gained mutation: Your mind is acute. (Int +4, Str/Dex -1)
                  | [potion of mutation]
 30807 | Elf:2    | Found Urehoc's Orb Outfitters.
 31002 | Elf:2    | Found a runed translucent gate.
 31003 | Elf:2    | Found a runed translucent gate.
 31003 | Elf:2    | Found a runed translucent gate.
 31039 | Elf:2    | Identified the +6 short sword of Agearoew {drain, rElec
                  | Int+2 SInv}
 31045 | Elf:2    | Reached skill level 18 in Maces & Flails
 31274 | Elf:2    | Noticed a deep elf blademaster
 31278 | Elf:2    | Killed a deep elf blademaster
 31670 | Elf:2    | Noticed Nikola
 31675 | Elf:2    | Killed Nikola
 31676 | Elf:2    | Reached XP level 19. HP: 172/172 MP: 13/33
 31915 | Elf:3    | Entered Level 3 of the Elven Halls
 31935 | Elf:3    | Noticed Roxanne
 31991 | Elf:3    | Noticed Norris
 32005 | Elf:3    | Killed Norris
 32006 | Elf:3    | Reached skill level 19 in Maces & Flails
 32598 | Orc:2    | Bought a scroll of silence for 161 gold pieces
 32745 | Elf:3    | Killed Roxanne
 33265 | Elf:3    | Identified the ring of Agrucu Roror {rCorr AC+4 Int+6
                  | Dex-2}
 33282 | Elf:3    | Identified the +7 hand axe of Tuiladio {drain, rElec rF-
                  | rN+ Int+2 Dex+3}
 33284 | Elf:3    | Reached skill level 20 in Maces & Flails
 33315 | Elf:3    | Noticed a Tzitzimitl
 33337 | Elf:3    | Reached skill level 21 in Maces & Flails
 33452 | Elf:3    | Identified the staff of Fate {rPois Will+ rCorr Alchemy}
 33454 | Elf:3    | Got the Dissertation on Congelation and the Adder
 33461 | Elf:3    | Identified the +4 short sword "Qyghyd" {freeze, Str+2 Int-5
                  | Dex+4}
 33474 | Elf:3    | Identified the +5 plate armour of Rotini {rF+ Str+2}
 33480 | Elf:3    | Identified the +2 dagger of Hieqos {elec, rN+}
 33495 | Elf:3    | Identified the +5 hand axe "Omirifat" {elec, rN+}
 33498 | Elf:3    | Got Nijes's Omnibus of Gusts
 33918 | Vaults:1 | Entered Level 1 of the Vaults
 33955 | Vaults:1 | Noticed Donald
 33963 | Vaults:1 | Killed Donald
 34706 | Vaults:1 | Reached XP level 20. HP: 180/180 MP: 14/34
 35154 | Vaults:1 | Reached skill level 22 in Maces & Flails
 37633 | Vaults:2 | Found a runed translucent gate.
 37633 | Vaults:2 | Found a runed translucent gate.
 37633 | Vaults:2 | Found a runed translucent gate.
 37633 | Vaults:2 | Noticed OlivierBoivin's ghost (adept FoHu)
 38082 | Vaults:3 | Reached skill level 15 in Fighting
 38082 | Vaults:3 | Reached XP level 21. HP: 196/196 MP: 16/36
 38448 | Vaults:3 | Found a staircase to the Crypt.
 38695 | Vaults:3 | Found Anammore's Antique Weapon Shoppe.
 40758 | Vaults:5 | Entered Level 5 of the Vaults
 41271 | Vaults:5 | Reached XP level 22. HP: 210/210 MP: 21/39
 41403 | Vaults:5 | Found Tiapnaaw's Book Shop.
 41421 | Vaults:5 | Bought a book of Chaos for 900 gold pieces
 41430 | Vaults:5 | Learned a level 8 spell: Disjunction
 41536 | Vaults:5 | Noticed a golden dragon
 41540 | Vaults:5 | Killed a golden dragon
 41779 | Vaults:5 | Reached skill level 10 in Invocations
 41840 | Vaults:5 | Identified the +8 scimitar of Devotion {spect, *Rage Int+2
                  | Dex+9}
 42088 | Vaults:5 | Noticed a dread lich
 42089 | Vaults:5 | Killed a dread lich
 42116 | Vaults:5 | Got a silver rune of Zot
 42564 | Vaults:5 | Identified the ring of Suspected Treachery {rN+ Int+6 SInv}
 42688 | Vaults:5 | Got the Discursus on the Crystalline Jaunt
 42886 | Vaults:5 | Identified the staff of Bupt {rCorr Stlth+ Earth}
 43099 | Crypt:1  | Entered Level 1 of the Crypt
 43147 | Crypt:1  | Reached skill level 23 in Maces & Flails
 43928 | Crypt:1  | Reached XP level 23. HP: 222/222 MP: 27/41
 44938 | Crypt:3  | Entered Level 3 of the Crypt
 45073 | Crypt:3  | Reached skill level 10 in Dodging
 45073 | Crypt:3  | Reached skill level 15 in Spellcasting
 45091 | Crypt:3  | Found an ancient bone altar of Kikubaaqudgha.
 45508 | Crypt:3  | Found a staircase to the Tomb.
 45508 | Crypt:3  | Noticed Jory
 45516 | Crypt:3  | Killed Jory
 45526 | Crypt:3  | Got the Precepts of Synthesized Freezing
 45760 | Crypt:3  | Identified the +0 arbalest of Evil {heavy, rElec rC+ Str+3}
 45761 | Crypt:3  | Identified the +8 scimitar of Terra Cotta {flame, rF+}
 45916 | Crypt:3  | Noticed Xtahua
 45925 | Crypt:3  | Killed Xtahua
 46267 | Tomb:1   | Entered Level 1 of the Tomb of the Ancients
 46792 | Tomb:1   | Noticed a royal mummy
 46794 | Tomb:1   | Killed a royal mummy
 46808 | Tomb:1   | Noticed a royal mummy
 46818 | Tomb:1   | Killed a royal mummy
 46819 | Tomb:1   | Reached skill level 15 in Translocations
 46819 | Tomb:1   | Reached XP level 24. HP: 179/235 MP: 10/42
 47559 | Tomb:2   | Noticed a royal mummy
 47560 | Tomb:2   | Noticed a royal mummy
 47581 | Tomb:2   | Noticed a royal mummy
 47592 | Tomb:2   | Killed a royal mummy
 47602 | Tomb:2   | Noticed a royal mummy
 47618 | Tomb:2   | HP: 6/309 [death scarab[a royal mummy] (15)]
 47618 | Tomb:2   | Slain by a death scarab

Illustrated notes

Levels and vault maps discovered:
D:1:      dpeg_arrival_connections, layout_loops_ring,
          hellmonk_ecumenical_altar_defaced_shrine
D:2:      layout_basic, minmay_puff
D:3:      layout_basic, tso_metal_star, hex_medium, hangedman_decor_points
D:4:      layout_loops_ring, mainiacjoe_overflow_six_doors_small,
          nemelex_xobeh_ov_fountains_minmay, kennysheep_mini_moat,
          mainiacjoe_overflow_big_doors
D:5:      layout_basic, grunt_temple_overflow_order_and_chaos_2,
          nicolae_elyvilon_temple_path, minmay_temple_entry_junction_2,
          gammafunk_ghost_nasty_kobolds
D:6:      layout_gridville, uniq_jeremiah
D:7:      layout_loops_cross, fedhas_altar_3, kennysheep_generic_room_5
D:8:      layout_loops_cross, nicolae_yredelemnul_corpse_copse,
          minmay_shop_enchanted_jewellery, uniq_pikel
D:9:      layout_loops_corners, nicolae_overflow_quartered_altars,
          minmay_lair_entry_grove, uniq_amaemon, uniq_prince_ribbit1
D:10:     layout_grid_maze, orc_0_dummy, uniq_erolcha, uniq_snorg, uniq_maurice,
          uniq_josephine
D:11:     layout_rooms, uniq_harold
D:12:     layout_loops_ring, serial_park_tiny_2, nicolae_custom_books
D:13:     layout_rooms, skrybe_vaults_entry_preservation
D:14:     layout_loops_ring, lemuel_coloured_pillars_altar
D:15:     gammafunk_depths_entry_grave, layout_loops_cross,
          chequers_serial_rivers_small_b, serial_demonic, serial_demonic_f,
          serial_demonic_e, serial_demonic_a, serial_demonic_d,
          serial_demonic_e, serial_demonic_b, serial_demonic_b,
          serial_demonic_b, minmay_protected_statue
Temple:   hellmonk_temple_divided_pantheon
Lair:1:   layout_roguey, ebering_ghost_funeral_grove
Lair:2:   layout_roguey, special_room [special_room_bee],
          infiniplex_staircase_pool_2, serial_bayou_shore_a, grunt_megastairs_4
Lair:3:   layout_chaotic_city, shoals_dummy_entry, spider_nest_entry_a,
          chequers_serial_rivers_large_b
Lair:4:   layout_loops_ring
Lair:5:   due_jungle_book, layout_regular_city, nicolae_slime_entry_field_trip,
          portal_ice_cave_entry_pillars_2, infiniplex_staircase_pool
Spider:1: layout_spider_delve, uniq_asterion
Spider:2: layout_spider_delve, spiders_nest_hornet_nest,
          hangedman_spider_tarantella_strand
Spider:3: layout_spider_delve
Spider:4: grunt_spider_rune_parallel, nicolae_spider_wall_of_niches,
          uniq_arachne
Orc:1:    layout_caves, basic_altar, uniq_erica
Orc:2:    grunt_orc_cross, layout_caves, serial_shops, nicolae_shop_crystal,
          mines2_david
Elf:1:    nicolae_elf_arrival_fired_up, layout_geoelf_grid, serial_shops, shop,
          serial_library, serial_library_regret_index_boxing,
          serial_library_hellmonk_narrow_alcove,
          serial_library_hellmonk_statue_hall,
          serial_library_hellmonk_angled_corner,
          serial_library_regret_index_double_sided,
          serial_library_hellmonk_filled_rooms,
          serial_library_regret_index_double_sided,
          serial_library_hellmonk_h_bend, serial_library_hellmonk_open_cross,
          minivault_28, minmay_misc_feat_alley, nicolae_elf_hall_of_bonks
Elf:2:    nicolae_elf_blades_crystal_corner, layout_rooms, tekkud_shop_of_orbs,
          uniq_nikola
Elf:3:    elf_hall, layout_geoelf_castle, uniq_norris, uniq_roxanne
Vaults:1: nicolae_vaults_house_1, vaults_room_fancy_cross, v_misc_29,
          hangedman_vaults_locks, vaults_mumra_hex,
          nicolae_vaults_network_quincunx
          [nicolae_vaults_network_quincunx_subvault,
          nicolae_vaults_network_quincunx_subvault,
          nicolae_vaults_network_quincunx_subvault,
          nicolae_vaults_network_quincunx_subvault,
          nicolae_vaults_network_quincunx_subvault], nicolae_vaults_mush_room,
          nicolae_vaults_mini_display_case, nicolae_vaults_closet_pinwheel_3,
          nicolae_vaults_layer_cake_slice, nicolae_vaults_trapezoid_lopsided_1,
          nicolae_vaults_trapezoid_2, layout_vaults_big_cross, uniq_donald
Vaults:2: ebering_ghost_rock_garden, ontoclasm_vaults_eye,
          nicolae_vaults_trapezoid_2, vaults_mumra_chevron,
          ontoclasm_vaults_bender, nicolae_vaults_apartment_1,
          nicolae_vaults_windows_and_doors_thing, dpeg_vaults_monster_box,
          hangedman_vaults_pinch, nicolae_vaults_stairing_the_circle,
          nicolae_vaults_closet_pinwheel_4,
          nicolae_vaults_shipping_containers_6, nicolae_vaults_little_squares_4,
          nicolae_vaults_trapezoid_1, layout_vaults_maze
Vaults:3: minmay_crypt_entry_simple_plaza, nicolae_vaults_security_offices_4,
          nicolae_vaults_theta, grunt_vaults_diagonal,
          nicolae_vaults_closet_pinwheel_4, nicolae_vaults_yaktaur_gun_rack,
          nicolae_vaults_weapon_check, nicolae_vaults_rhombus_6, v_misc_9,
          vaults_room_corners, nicolae_vaults_more_shelving_1,
          layout_vaults_big_room, serial_shops, shop
Vaults:4: nicolae_vaults_bisected_slash, nicolae_vaults_puzzle_piece,
          nicolae_vaults_six-pack, v_misc_26, nicolae_vaults_double_plus_2,
          nicolae_vaults_sightless_eye, layout_vaults_omnigrid
Vaults:5
Crypt:1:  layout_basic, grunt_megastairs_3, grunt_crypt_arrival_split
Crypt:2:  layout_rooms
Crypt:3:  grunt_crypt_end_deaths_head, uniq_xtahua
Tomb:1
Tomb:2

Skill      XL: |  1  2  3  4  5  6  7  8  9 10 11 12 13 14 15 16 17 18 19 20 21 22 23 24 |
---------------+-------------------------------------------------------------------------+-----
Fighting       | 3 4 5 6 7 9 10 11 12 15 16 18 19 20 | 20.0
Translocations | 3 4 5 6 7 9 10 11 12 13 14 15 | 15.1
Maces & Flails | 3 4 5 6 8 10 11 12 13 15 18 21 22 23 | 23.5
Spellcasting   | 3 4 5 6 7 8 9 10 11 13 14 15 16 | 16.3
Shapeshifting  | 8 12 15 16 17 18 | 18.6
Invocations    | 3 5 7 8 9 10 11 12 | 12.3
Throwing       | 3 4 5 |  5.0
Dodging        | 3 5 6 7 8 9 10 | 10.7

Action                     |  1- 3 |  4- 6 |  7- 9 | 10-12 | 13-15 | 16-18 | 19-21 | 22-24 || total
---------------------------+-------+-------+-------+-------+-------+-------+-------+-------++-------
  Melee: Mace              |   120 |    89 |       |       |       |       |       |       ||   209
         Headbutt          |    12 |    22 |    61 |    68 |   111 |    89 |    58 |    26 ||   447
         Punch             |     1 |     1 |     4 |       |       |       |       |       ||     6
         Morningstar       |       |    59 |   211 |    27 |       |       |       |       ||   297
         Whip              |       |       |     5 |       |       |       |       |       ||     5
         Giant spiked club |       |       |       |   427 |   868 |  1078 |  1055 |   777 ||  4205
  Throw: Boomerang         |       |     3 |     1 |       |       |       |       |       ||     4
         Dart              |       |     3 |     6 |       |       |       |       |       ||     9
   Cast: Lesser Beckoning  |       |       |     1 |     3 |     9 |     4 |       |       ||    17
         Blink             |       |       |     1 |     1 |     1 |       |       |       ||     3
         Manifold Assault  |       |       |       |   119 |   253 |   342 |   437 |   421 ||  1572
         Dispersal         |       |       |       |       |       |     1 |     1 |     1 ||     3
 Invoke: Brand Weapon With |       |       |       |       |     1 |       |       |       ||     1
         Divine Shield     |       |       |       |       |       |       |     1 |       ||     1
         Summon Divine War |       |       |       |       |       |       |       |     1 ||     1
Ability: Begin Untransform |       |       |       |       |       |     1 |       |       ||     1
  Evoke: Wand              |       |       |       |       |       |     1 |       |       ||     1
    Use: Potion            |       |     1 |     4 |     5 |     2 |     8 |     9 |     5 ||    34
         Scroll            |       |     1 |       |    19 |    11 |     7 |     5 |     4 ||    47
   Stab: Distracted        |     1 |       |       |       |       |       |       |       ||     1
 Armour: Robe              |   108 |   132 |   181 |       |       |       |       |       ||   421
         Quicksilver drago |       |       |    46 |   405 |   100 |       |       |       ||   551
         Skin              |       |       |       |       |  1145 |  1350 |   563 |   470 ||  3528
  Dodge: Dodged            |    76 |    97 |   116 |   202 |   611 |   600 |   144 |   207 ||  2053
  Block: Other             |       |       |       |       |       |       |    13 |       ||    13
   Form: Statue            |       |       |       |       |     1 |     1 |       |       ||     2
